 Dungeon Crawl Stone Soup version 0.28-b1-25-g9875b3fc8c (webtiles) character file.

Game seed: 12637816987095385876

23 cayde69 the Shield-Bearer (level 2, 0/25 HPs)
             Began as a Demigod Fighter on Jan 31, 2022.
             Succumbed to an adder's poison
             ... on level 2 of the Dungeon.
             The game lasted 00:03:29 (915 turns).

cayde69 the Shield-Bearer (Demigod Fighter)          Turns: 915, Time: 00:03:30

Health: 0/25       AC:  6    Str: 17    XL:     2   Next: 54%
Magic:  6/6        EV:  8    Int: 10    God:
Gold:   47         SH:  4    Dex: 13    Spells: 3/3 levels left

rFire   . . .      SeeInvis .   a - +0 long sword
rCold   . . .      Faith    .   c - +0 buckler
rNeg    . . .      Spirit   .   b - +0 scale mail
rPois   .          Reflect  .   (no helmet)
rElec   .          Harm     .   (no cloak)
rCorr   .          Rampage  .   (no gloves)
Will    .....                   (no boots)
Stlth   ..........              (no amulet)
HPRegen 0.08/turn               (no ring)
MPRegen 0.10/turn               (no ring)

@: mighty, lethally poisoned (0 -> -4)
A: high MP 1, forlorn, divine attributes
a: no special abilities


You were on level 2 of the Dungeon.
You visited 1 branch of the dungeon, and saw 2 of its levels.

You collected 47 gold pieces.

Inventory:

Hand Weapons
 a - a +0 long sword (weapon)
Armour
 b - a +0 scale mail (worn)
 c - a +0 buckler (worn)
Magical Staves
 f - a staff of earth
Potions
 e - a potion of curing {unknown}


   Skills:
 - Level 2.6 Fighting
 * Level 2.4 Long Blades
 - Level 2.6 Armour
 - Level 2.6 Shields
 * Level 1.2 Spellcasting


You had 3 spell levels left.
You didn't know any spells.
Your spell library was empty.

Dungeon Overview and Level Annotations

Branches:
Dungeon (2/15)


Innate Abilities, Weirdness & Mutations

You have an increased reservoir of magic. (+10% MP)
You shall have no god before yourself.
Your divine heritage dramatically boosts your attributes as you level up.


Message History

You slash the hobgoblin!
You kill the hobgoblin!
The hobgoblin hits you but does no damage.
You barely miss the adder. You block the adder's attack.
The hobgoblin hits you but does no damage.
The adder barely misses you.
You closely miss the adder. The hobgoblin hits you.
The adder completely misses you. The hobgoblin hits you.
You block the adder's attack.
You barely miss the adder. The adder bites you.
You are poisoned.
The adder poisons you! The hobgoblin barely misses you.
You miss the adder.
You feel sick. The adder bites you but does no damage.
You block the hobgoblin's attack. The adder bites you but does no damage.
You slash the adder!
The adder is almost dead.
You feel sick. The adder bites you but does no damage. The hobgoblin hits you.
The adder bites you but does no damage. The hobgoblin barely misses you.
You are too injured to fight recklessly!
You are too injured to fight recklessly!
You feel very mighty all of a sudden.
You feel sick. The adder closely misses you. The hobgoblin hits you.
* * * LOW HITPOINT WARNING * * *
You feel sick.
You feel sick.
You are no longer poisoned.
The adder bites you.
* * * LOW HITPOINT WARNING * * *
You are lethally poisoned!
The adder poisons you!
* * * LOW HITPOINT WARNING * * *
You feel sick.
You are too injured to fight recklessly!
You are too injured to fight recklessly!
You are too injured to fight recklessly!
You are too injured to fight recklessly!
Unknown command.
You barely miss the adder.
The adder is almost dead.
You die...

#.... #.... #).. #..#
#..# #..# #..#
######K.##...
#...@Sg.......
##.####..##..#. #########
#............#
........####..####..##.##
######..........##... ..
#..####..#.###.## .
#..####..#.# #.
#............# #
#.....#.......#


You could see an adder, a hobgoblin and a kobold.

Vanquished Creatures
  A dart slug (D:1)
  An endoplasm (D:1)
  2 giant cockroaches
  3 hobgoblins
  4 kobolds (D:1)
  A quokka (D:1)
  A ball python (D:1)
  2 frilled lizards
  6 rats
21 creatures vanquished.

Notes
Turn   | Place    | Note
-------+----------+-------------------------------------------
     0 | D:1      | cayde69 the Demigod Fighter began the quest for the Orb.
     0 | D:1      | Reached XP level 1. HP: 18/18 MP: 3/3
   283 | D:1      | Reached skill level 1 in Spellcasting
   305 | D:1      | Reached XP level 2. HP: 22/25 MP: 5/5
   914 | D:2      | HP: 1/25 [poisoned by an adder]
   915 | D:2      | Succumbed to an adder's poison

Illustrated notes

Levels and vault maps discovered:
D:1:      lemuel_arrival_cross, layout_loops_cross
D:2:      kennysheep_the_goblin_king, layout_loops_ring,
          hellmonk_ecumenical_altar_arch_garden

Skill      XL: |  1 |
---------------+----+-----
Long Blades    | 2 |  2.4
Spellcasting   | 1 |  1.2
Fighting       | |  2.6
Armour         | |  2.6
Shields        | |  2.6

Action                   || total
-------------------------++-------
Melee: Long sword        ||    67
  Use: Potion            ||     1
Armor: Scale mail        ||    33
Dodge: Dodged            ||    23
Block: Buckler           ||    17
